 Dungeon Crawl Stone Soup version 0.28.0-53-g5a82cb258f (webtiles) character file.

Game seed: 618520522280151404

215 Sin92 the Skirmisher (level 5, -5/42 HPs)
             Began as a Demonspawn Fighter on June 22, 2022.
             Slain by a gnoll
             ... wielding a +0 halberd
              (11 damage)
             ... on level 3 of the Dungeon.
             The game lasted 00:02:12 (2792 turns).

Sin92 the Skirmisher (Demonspawn Fighter)           Turns: 2792, Time: 00:02:13

Health: -5/42      AC:  6    Str: 18    XL:     5   Next: 60%
Magic:  5/5        EV:  9    Int:  9    God:
Gold:   88         SH:  5    Dex: 13    Spells: 4/4 levels left

rFire   . . .      SeeInvis .   f - +2 whip (venom)
rCold   . . .      Faith    .   c - +0 buckler
rNeg    . . .      Spirit   .   b - +0 scale mail
rPois   .          Reflect  .   (helmet restricted)
rElec   .          Harm     .   (no cloak)
rCorr   .          Rampage  .   (no gloves)
Will    .....                   (no boots)
Stlth   ..........              (no amulet)
HPRegen 0.14/turn               (no ring)
MPRegen 0.09/turn               (no ring)

@: mighty, attractive
A: horns 1, powered by pain 1, demonic magic 1
a: no special abilities


You were on level 3 of the Dungeon.
You visited 1 branch of the dungeon, and saw 3 of its levels.

You collected 88 gold pieces.

Inventory:

Hand Weapons
 a - a +0 war axe
 f - a +2 whip of venom (weapon)
Armour
 b - a +0 scale mail (worn)
 c - a +0 buckler (worn)
Wands
 j - a wand of flame (7)
Scrolls
 e - 2 scrolls of amnesia {unknown}
 g - a scroll of magic mapping {unknown}
 h - a scroll of fog {unknown}
 i - 2 scrolls of identify {unknown}
 o - 2 scrolls of blinking {unknown}
Potions
 n - a potion of cancellation {unknown}
 p - a potion of invisibility {unknown}


   Skills:
 + Level 3.8 Fighting
 - Level 2.0(2.4) Axes
 * Level 2.1(2.5) Maces & Flails
 + Level 3.4 Armour
 + Level 1.9 Dodging
 + Level 3.4 Shields


You had 4 spell levels left.
You didn't know any spells.
Your spell library was empty.

Dungeon Overview and Level Annotations

Branches:
Dungeon (3/15)

Altars:


Innate Abilities, Weirdness & Mutations

You have a pair of small horns on your head.
You sometimes gain a little power by taking damage.
Spells you cast may paralyse adjacent enemies.


Message History

You hit the gnoll.
The gnoll is poisoned.
The gnoll is moderately wounded.
The gnoll hits you with a +0 club.
The gnoll hits you from afar with a +0 halberd.
Unknown command.
Unknown command.
You hit the gnoll.
The gnoll is heavily wounded.
The gnoll hits you with a +0 club. The gnoll closely misses you.
Unknown command.
You barely miss the gnoll.
The gnoll is severely wounded.
You block the gnoll's attack.
The gnoll hits you from afar with a +0 halberd.
You are too injured to fight recklessly!
Unknown command.
You are too injured to fight recklessly!
You are too injured to fight recklessly!
Unknown command.
Unknown command.
You are too injured to fight recklessly!
Unknown command.
You are too injured to fight recklessly!
You are too injured to fight recklessly!
Unknown command.
Unknown command.
You are too injured to fight recklessly!
Unknown command.
You are too injured to fight recklessly!
You feel very mighty all of a sudden. The gnoll hits you with a +0 club.
The gnoll hits you from afar with a +0 halberd!
* * * LOW HITPOINT WARNING * * *
You whack the gnoll!
You kill the gnoll!
You block the gnoll's attack.
It was a potion of attraction.
You feel attractive to monsters.
The gnoll hits you from afar with a +0 halberd!
You die...

.#### ... ...
... ### #g# ..#
#g# #.# #)# #.#
#@# #.# .#
#.#########.# .#
#...........##.#
###..........#.#
#.##.#####.#.#
#.##.# #.#.#
#.##.#####.#(#
#.##.........#
#.##.#####.###


You could see 2 gnolls.

Vanquished Creatures
  An orc priest (D:3)
  Jessica (D:2)
  5 gnolls
  3 adders (D:2)
  A dart slug (D:3)
  11 orcs
  9 endoplasms
  3 giant cockroaches
  2 hobgoblins (D:1)
  5 jackals (D:1)
  A quokka (D:1)
  4 ball pythons
  9 bats
  A frilled lizard (D:1)
  5 goblins (D:1)
  3 kobolds (D:1)
  7 rats
71 creatures vanquished.

Vanquished Creatures (others)
  5 fungi (D:2)
  5 plants (D:2)
10 creatures vanquished.

Grand Total: 81 creatures vanquished

Notes
Turn   | Place    | Note
-------+----------+-------------------------------------------
     0 | D:1      | Sin92 the Demonspawn Fighter began the quest for the Orb.
     0 | D:1      | Reached XP level 1. HP: 18/18 MP: 1/1
   111 | D:1      | Gained mutation: You sometimes gain a little power by
                  | taking damage. [demonic ancestry]
   111 | D:1      | Reached XP level 2. HP: 24/24 MP: 2/2
   704 | D:1      | Gained mutation: You have a pair of small horns on your
                  | head. [demonic ancestry]
   704 | D:1      | Reached XP level 3. HP: 29/29 MP: 3/3
   920 | D:2      | Reached skill level 1 in Dodging
  1095 | D:2      | Noticed Jessica
  1100 | D:2      | Killed Jessica
  1101 | D:2      | Reached skill level 1 in Maces & Flails
  1101 | D:2      | Gained mutation: Spells you cast may paralyse adjacent
                  | enemies. [demonic ancestry]
  1101 | D:2      | Reached XP level 4. HP: 35/35 MP: 4/4
  1667 | D:2      | Reached XP level 5. HP: 34/42 MP: 5/5
  1742 | D:2      | Found a faded altar of an unknown god.
  2241 | D:3      | HP: 2/42 [orc/puff of flame (4)]
  2250 | D:3      | HP: 3/63 [orc/+0 club (1)]
  2792 | D:3      | Slain by a gnoll

Illustrated notes

Levels and vault maps discovered:
D:1:      ncdulo_lavacross, layout_loops_cross, hangedman_glass_teeth,
          minivault_24, minmay_misc_feat_rugged, st_stairs_1,
          minmay_misc_feat_x, corexii_corridor_pit
D:2:      layout_basic, dreamdust_ecumenical_altar_grove, minmay_pentomino_s2,
          uniq_jessica
D:3:      layout_loops_ring, grunt_decor_fettered, feat_on_display

Skill      XL: |  1  2  3  4  5 |
---------------+----------------+-----
Axes           | 2 |  2.0
Shields        | 3 |  3.4
Armour         | 3 |  3.4
Dodging        | 1 |  1.9
Maces & Flails | 1 2 |  2.1
Fighting       | |  3.8

Action                   |  1- 3 |  4- 6 || total
-------------------------+-------+-------++-------
Melee: War axe           |    25 |       ||    25
       Whip              |    64 |    76 ||   140
       Headbutt          |     5 |     9 ||    14
  Use: Potion            |       |     5 ||     5
Armor: Scale mail        |    41 |    18 ||    59
Dodge: Dodged            |    43 |    24 ||    67
Block: Buckler           |    24 |    22 ||    46
